MLB
NEW ORLEANS VOODOO @ CHICAGO WHITE SOX
07/31/2039
 
TOP OF THE 1ST
New Orleans Voodoo batting - Pitching for Chicago White Sox : RHP Andy Bruce
Pitching: RHP Andy Bruce
Batting: LHB Erik White 0-0: Called Strike
0-1: Ball
1-1: Ball
2-1: Foul Ball, location: 5DF
2-2: Fly out, F8 (Flyball, 89M, EV 81.9 MPH)
Batting: SHB Jerry Reynoso 0-0: Called Strike
0-1: Swinging Strike
0-2: Strikes out swinging
Batting: LHB Marcus Delzoppo 0-0: Ball
1-0: DOUBLE (Flyball, 89D, EV 99.4 MPH)
Batting: RHB Melvin Canto 0-0: SINGLE (Line Drive, 3D, EV 110.6 MPH)
Marcus Delzoppo to third
Runner from 3rd tries for Home, SAFE, throw by RF to home
Batting: LHB Greg Reynolds 0-0: Ball
1-0: Ground out 4-3 (Groundball, 34, EV 80.0 MPH)
Top of the 1st over - 1 run, 2 hits, 0 errors, 1 left on base; New Orleans 1 - Chicago 0
BOTTOM OF THE 1ST
Chicago White Sox batting - Pitching for New Orleans Voodoo : RHP Tim Whitehead
Pitching: RHP Tim Whitehead
Batting: RHB Jose Emanis 0-0: Ball
1-0: Ball
2-0: Called Strike
2-1: Swinging Strike
2-2: Foul Ball, location: 2F
2-2: Strikes out swinging
Batting: LHB Sean Hanrahan 0-0: Ball
1-0: Called Strike
1-1: Called Strike
1-2: Ground out 4-3 (Groundball, 4S, EV 87.5 MPH)
Batting: SHB Victor Gonzales 0-0: Called Strike
0-1: Ball
1-1: Ball
2-1: SINGLE (Groundball, 4MD, EV 94.4 MPH)
Batting: LHB Andy Barnhill 0-0: Ball
1-0: Ball
2-0: Ball
3-0: Base on Balls
Victor Gonzales to second
Batting: LHB Juan Ybarra 0-0: Called Strike
0-1: Ball
1-1: 3-RUN HOME RUN (Flyball, 7D, EV 92.5 MPH), Distance : 359 ft
Batting: LHB Robert Hassell III 0-0: Swinging Strike
0-1: Ball
1-1: Swinging Strike
1-2: Ball
2-2: Strikes out looking
Bottom of the 1st over - 3 runs, 2 hits, 0 errors, 0 left on base; New Orleans 1 - Chicago 3
TOP OF THE 2ND
New Orleans Voodoo batting - Pitching for Chicago White Sox : RHP Andy Bruce
Batting: RHB Kevin Perrone 0-0: Ground out 6-3 (Groundball, 6, EV 81.9 MPH)
Batting: RHB Chris Bartlett 0-0: Called Strike
0-1: Called Strike
0-2: SINGLE (Groundball, 34D, EV 105.6 MPH)
Batting: RHB Nelson Morales 0-0: Ball
1-0: Ball
2-0: Grounds into double play, 4-6-3 (Groundball, 4, EV 91.9 MPH)
Top of the 2nd over - 0 runs, 1 hit, 0 errors, 0 left on base; New Orleans 1 - Chicago 3
BOTTOM OF THE 2ND
Chicago White Sox batting - Pitching for New Orleans Voodoo : RHP Tim Whitehead
Batting: RHB Benny Montgomery 0-0: Ball
1-0: SINGLE (Line Drive, 8RS, EV 110.0 MPH)
Batting: RHB Mike Samaniego 0-0: Ball
1-0: Ball
2-0: Grounds into double play, 4-6-3 (Groundball, 4S, EV 91.9 MPH)
Batting: RHB Danny Bernal 0-0: Called Strike
0-1: Ball
1-1: Ball
2-1: Ball
3-1: Base on Balls
Batting: RHB Jose Emanis 0-0: Fly out, F8 (Line Drive, 8RM, EV 94.4 MPH)
Bottom of the 2nd over - 0 runs, 1 hit, 0 errors, 1 left on base; New Orleans 1 - Chicago 3
TOP OF THE 3RD
New Orleans Voodoo batting - Pitching for Chicago White Sox : RHP Andy Bruce
Batting: RHB Eric Post 0-0: Ball
1-0: Ball
2-0: Called Strike
2-1: Ball
3-1: Foul Ball, location: 2F
3-2: Base on Balls
Batting: LHB Erik White 0-0: Called Strike
0-1: Called Strike
0-2: Strikes out swinging
Batting: SHB Jerry Reynoso 0-0: SINGLE (Line Drive, 56D, EV 105.6 MPH)
Eric Post to second
Batting: LHB Marcus Delzoppo 0-0: Foul Ball, location: 25F
0-1: Ball
Passed Ball!
Eric Post to third
Jerry Reynoso to second
1-1: SINGLE (Groundball, 6MD, EV 103.8 MPH)
Eric Post scores
Jerry Reynoso to third
Runner from 3rd tries for Home, SAFE, throw by CF to home
Batting: RHB Melvin Canto 0-0: Called Strike
0-1: Ball
1-1: Ball
2-1: Foul Ball, location: 25FF
2-2: SINGLE (Flyball, 6D, EV 92.5 MPH)
Marcus Delzoppo to second
Batting: LHB Greg Reynolds 0-0: Ball
1-0: Foul Ball, location: 7LSF
1-1: Ball
2-1: SINGLE (Groundball, 4D, EV 96.9 MPH)
Marcus Delzoppo to third
Melvin Canto to second
Runner from 3rd tries for Home, SAFE, throw by CF to home
Batting: RHB Kevin Perrone 0-0: Called Strike
0-1: Called Strike
0-2: Ball
1-2: Ball
2-2: Ball
3-2: Fly out, F8 (Line Drive, 8LS, EV 86.3 MPH)
Batting: RHB Chris Bartlett 0-0: Swinging Strike
0-1: Ball
1-1: Ground out 4-3 (Groundball, 4, EV 89.4 MPH)
Top of the 3rd over - 3 runs, 4 hits, 0 errors, 2 left on base; New Orleans 4 - Chicago 3
BOTTOM OF THE 3RD
Chicago White Sox batting - Pitching for New Orleans Voodoo : RHP Tim Whitehead
Batting: LHB Sean Hanrahan 0-0: Called Strike
0-1: SOLO HOME RUN (Flyball, 78XD, EV 97.5 MPH), Distance : 393 ft
Batting: SHB Victor Gonzales 0-0: Ball
1-0: Foul Ball, location: 23F
1-1: Ground out U3 (Groundball, 34S, EV 81.9 MPH)
Batting: LHB Andy Barnhill 0-0: Swinging Strike
0-1: Foul Ball, location: 3FF
0-2: Fly out, F8 (Line Drive, 8RD, EV 89.4 MPH)
Batting: LHB Juan Ybarra 0-0: Called Strike
0-1: Ball
1-1: SINGLE (Groundball, 4D, EV 103.8 MPH)
Batting: LHB Robert Hassell III 0-0: Called Strike
0-1: Foul Ball, location: 7LMF
0-2: Ball
1-2: Ball
2-2: Fly out, F6 (Line Drive, 6M, EV 69.4 MPH)
Bottom of the 3rd over - 1 run, 2 hits, 0 errors, 1 left on base; New Orleans 4 - Chicago 4
TOP OF THE 4TH
New Orleans Voodoo batting - Pitching for Chicago White Sox : RHP Andy Bruce
Batting: RHB Nelson Morales 0-0: Ball
1-0: Ground out 6-3 (Groundball, 6, EV 91.3 MPH)
Batting: RHB Eric Post 0-0: Ball
1-0: Ball
2-0: Called Strike
2-1: Swinging Strike
2-2: Foul Ball, location: 7LDF
2-2: Ball
3-2: Foul Ball, location: 5F
3-2: Strikes out swinging
Batting: LHB Erik White 0-0: Foul Ball, location: 5F
0-1: Ball
1-1: Foul Ball, location: 7LSF
1-2: Foul Ball, location: 7LSF
1-2: SINGLE (Line Drive, 8RS, EV 105.0 MPH)
Batting: SHB Jerry Reynoso 0-0: Called Strike
0-1: Called Strike
0-2: Ball
1-2: Foul Ball, location: 2F
1-2: Fly out, F9 (Flyball, 9D, EV 84.4 MPH)
Top of the 4th over - 0 runs, 1 hit, 0 errors, 1 left on base; New Orleans 4 - Chicago 4
BOTTOM OF THE 4TH
Chicago White Sox batting - Pitching for New Orleans Voodoo : RHP Tim Whitehead
Batting: RHB Benny Montgomery 0-0: Called Strike
0-1: Called Strike
0-2: SOLO HOME RUN (Flyball, 89XD, EV 102.5 MPH), Distance : 402 ft
Pitching: RHP Mike Miller
Batting: RHB Mike Samaniego 0-0: Ball
1-0: Fly out, F3 (Popup, 34, EV 76.3 MPH)
Batting: RHB Danny Bernal 0-0: Ball
1-0: Called Strike
1-1: Ball
2-1: Swinging Strike
2-2: Strikes out swinging
Batting: RHB Jose Emanis 0-0: Called Strike
0-1: SINGLE (Groundball, 56S, EV 68.1 MPH) (infield hit)
Batting: LHB Sean Hanrahan 0-0: Ball
1-0: Foul Ball, location: 25F
1-1: Called Strike
1-2: Foul Ball, location: 5F
1-2: Ball
2-2: Ball
3-2: 2-RUN HOME RUN (Flyball, 9LD, EV 96.3 MPH), Distance : 341 ft
Batting: SHB Victor Gonzales 0-0: Ball
1-0: Foul Ball, location: 7LMF
1-1: Ball
2-1: SINGLE (Groundball, 56D, EV 98.8 MPH)
Batting: LHB Andy Barnhill 0-0: Foul Ball, location: 23FF
0-1: Ball
1-1: SINGLE (Groundball, 4MD, EV 105.6 MPH)
Victor Gonzales to second
Runner from 2nd tries for 3rd, SAFE, no throw by CF
Batting: LHB Juan Ybarra 0-0: Swinging Strike
0-1: Fly out, F8 (Flyball, 8LD, EV 105.0 MPH)
Bottom of the 4th over - 3 runs, 5 hits, 0 errors, 2 left on base; New Orleans 4 - Chicago 7
TOP OF THE 5TH
New Orleans Voodoo batting - Pitching for Chicago White Sox : RHP Andy Bruce
Batting: LHB Marcus Delzoppo 0-0: Ball
1-0: SINGLE (Groundball, 56D, EV 95.6 MPH)
Batting: RHB Melvin Canto 0-0: Called Strike
0-1: Swinging Strike
0-2: SINGLE (Groundball, 34S, EV 89.4 MPH) (infield hit)
Marcus Delzoppo to second
Batting: LHB Greg Reynolds 0-0: Called Strike
0-1: Ball
1-1: Ball
2-1: SINGLE (Line Drive, 4MD, EV 96.3 MPH)
Marcus Delzoppo to third
Melvin Canto to second
Batting: RHB Kevin Perrone 0-0: Ball
1-0: SINGLE (Groundball, 34D, EV 96.3 MPH) - runner OUT being hit by batted ball. (infield hit)
Batting: RHB Chris Bartlett 0-0: Called Strike
0-1: SINGLE (Line Drive, 8RS, EV 97.5 MPH)
Marcus Delzoppo scores
Melvin Canto to third
Kevin Perrone to second
Runner from 3rd tries for Home, SAFE, throw by CF to home
Pitching: LHP Ixzi Oluoch
Batting: RHB Nelson Morales 0-0: Called Strike
0-1: DOUBLE (Flyball, 78D, EV 101.3 MPH)
Kevin Perrone scores
Chris Bartlett to third
Batting: RHB Eric Post 0-0: Foul Ball, location: 5F
0-1: Swinging Strike
0-2: Strikes out swinging
Batting: LHB Erik White 0-0: Called Strike
0-1: Foul Ball, location: 2F
0-2: Ball
1-2: Ball
2-2: Strikes out swinging
Top of the 5th over - 3 runs, 6 hits, 0 errors, 2 left on base; New Orleans 7 - Chicago 7
BOTTOM OF THE 5TH
Chicago White Sox batting - Pitching for New Orleans Voodoo : RHP Mike Miller
Batting: LHB Robert Hassell III 0-0: Ball
1-0: Ground out 4-3 (Groundball, 4, EV 82.5 MPH)
Batting: RHB Benny Montgomery 0-0: Swinging Strike
0-1: Ball
1-1: SINGLE (Line Drive, 7S, EV 89.4 MPH)
Batting: RHB Mike Samaniego 0-0: Ball
1-0: Called Strike
1-1: Grounds into double play, 6-4-3 (Groundball, 6, EV 106.9 MPH)
Bottom of the 5th over - 0 runs, 1 hit, 0 errors, 0 left on base; New Orleans 7 - Chicago 7
TOP OF THE 6TH
New Orleans Voodoo batting - Pitching for Chicago White Sox : LHP Ixzi Oluoch
Batting: SHB Jerry Reynoso 0-0: Foul Ball, location: 2F
0-1: Swinging Strike
0-2: Ball
1-2: Strikes out looking
Batting: LHB Marcus Delzoppo 0-0: Called Strike
0-1: Ball
1-1: Ball
2-1: Foul Ball, location: 5F
2-2: Fly out, F8 (Flyball, 8LD, EV 108.8 MPH)
Batting: RHB Melvin Canto 0-0: Ball
1-0: Ball
2-0: Swinging Strike
2-1: Foul Ball, location: 2F
2-2: Strikes out looking
Top of the 6th over - 0 runs, 0 hits, 0 errors, 0 left on base; New Orleans 7 - Chicago 7
BOTTOM OF THE 6TH
Chicago White Sox batting - Pitching for New Orleans Voodoo : RHP Mike Miller
Batting: RHB Danny Bernal 0-0: Foul Ball, location: 2RF
0-1: Ball
1-1: Foul Ball, location: 9LSF
1-2: Foul Ball, location: 2RF
1-2: Foul Ball, location: 9LSF
1-2: Foul Ball, location: 3SF
1-2: Ball
2-2: Foul Ball, location: 9LSF
2-2: Foul Ball, location: 2F
2-2: Fly out, F9 (Flyball, 89S, EV 91.3 MPH)
Pitching: RHP Joe Mears
Batting: RHB Jose Emanis 0-0: Ball
1-0: Swinging Strike
1-1: Ball
2-1: SINGLE (Line Drive, 4MD, EV 100.0 MPH)
Batting: LHB Sean Hanrahan 0-0: Swinging Strike
0-1: Swinging Strike
0-2: Ball
1-2: Ball
2-2: Ball
3-2: Base on Balls
Jose Emanis to second
Batting: SHB Victor Gonzales 0-0: Ball
Jose Emanis steals 3rd base
1-0: Foul Ball, location: 7LSF
1-1: Called Strike
1-2: Ball
2-2: Foul Ball, location: 7LDF
2-2: Ball
3-2: Fly out, F8 (Flyball, 8RXD, EV 97.5 MPH)
Runner from 3rd tags up, SCORES, no throw by CF
Batting: LHB Andy Barnhill 0-0: Ball
1-0: Ball
2-0: Foul Ball, location: 2F
2-1: Ball
3-1: Base on Balls
Sean Hanrahan to second
Batting: LHB Juan Ybarra 0-0: Foul Ball, location: 5SF
0-1: Foul Ball, location: 2F
0-2: Strikes out swinging
Bottom of the 6th over - 1 run, 1 hit, 0 errors, 2 left on base; New Orleans 7 - Chicago 8
TOP OF THE 7TH
New Orleans Voodoo batting - Pitching for Chicago White Sox : LHP Ixzi Oluoch
Batting: LHB Greg Reynolds 0-0: Ball
1-0: Swinging Strike
1-1: Called Strike
1-2: Strikes out swinging
Batting: RHB Kevin Perrone 0-0: Ball
1-0: SINGLE (Line Drive, 9S, EV 91.9 MPH)
Pitching: RHP Danny Canas
Batting: RHB Chris Bartlett 0-0: Foul Ball, location: 9LDF
0-1: Foul Ball, location: 3F
0-2: Fly out, F9 (Line Drive, 9LS, EV 97.5 MPH)
Batting: RHB Nelson Morales 0-0: Ball
1-0: Swinging Strike
1-1: Ball
2-1: 2-RUN HOME RUN (Flyball, 9D, EV 95.6 MPH), Distance : 375 ft
Batting: RHB Eric Post 0-0: Ball
1-0: Called Strike
1-1: Swinging Strike
1-2: Ball
2-2: Fly out, F8 (Flyball, 8LXD, EV 100.0 MPH)
Top of the 7th over - 2 runs, 2 hits, 0 errors, 0 left on base; New Orleans 9 - Chicago 8
BOTTOM OF THE 7TH
Chicago White Sox batting - Pitching for New Orleans Voodoo : RHP Joe Mears
Batting: LHB Robert Hassell III 0-0: SINGLE (Line Drive, 9S, EV 96.3 MPH)
Batting: RHB Benny Montgomery 0-0: Ball
1-0: Fly out, F8 (Flyball, 8LM, EV 88.8 MPH)
Batting: RHB Mike Samaniego 0-0: Ball
1-0: Ball
2-0: Called Strike
2-1: Grounds into double play, 1-6-3 (Groundball, 23, EV 73.1 MPH)
Bottom of the 7th over - 0 runs, 1 hit, 0 errors, 0 left on base; New Orleans 9 - Chicago 8
TOP OF THE 8TH
New Orleans Voodoo batting - Pitching for Chicago White Sox : RHP Danny Canas
Pitching: RHP Bob Lozano
Batting: LHB Erik White 0-0: Ball
1-0: Called Strike
1-1: Fly out, F5 (Popup, 5F, EV 58.8 MPH)
Batting: SHB Jerry Reynoso 0-0: Ball
1-0: Ball
2-0: Ball
3-0: Base on Balls
Batting: LHB Marcus Delzoppo 0-0: Foul Ball, location: 9LSF
0-1: Ball
1-1: Foul Ball, location: 2F
1-2: Fly out, F8 (Flyball, 78M, EV 93.8 MPH)
Batting: RHB Melvin Canto 0-0: Ball
Jerry Reynoso steals 2nd base
1-0: Ball
2-0: SINGLE (Groundball, 34D, EV 98.8 MPH)
Jerry Reynoso to third
Runner from 3rd tries for Home, SAFE, throw by RF to home
Batting: LHB Greg Reynolds 0-0: Ball
1-0: Foul Ball, location: 2F
1-1: Swinging Strike
1-2: Ball
2-2: Ball
3-2: Foul Ball, location: 25F
3-2: Foul Ball, location: 9LSF
3-2: Foul Ball, location: 2F
3-2: Foul Ball, location: 3F
3-2: Base on Balls
Melvin Canto to second
Batting: RHB Kevin Perrone 0-0: Foul Ball, location: 23F
0-1: Foul Ball, location: 7LSF
0-2: Ball
1-2: Fielders Choice at 2nd, 5-4 (Groundball, 56, EV 87.5 MPH)
Top of the 8th over - 1 run, 1 hit, 0 errors, 2 left on base; New Orleans 10 - Chicago 8
BOTTOM OF THE 8TH
Chicago White Sox batting - Pitching for New Orleans Voodoo : RHP Joe Mears
Pitching: RHP J.J. Leahey
Pinch Hitting: RHB Alex Arias 0-0: Ball
1-0: DOUBLE (Flyball, 89XD, EV 107.5 MPH)
Batting: RHB Jose Emanis 0-0: Ball
1-0: Fly out, F5 (Line Drive, 56, EV 65.6 MPH)
Lined into DP, 5-4 (Line Drive, 56, EV 65.6 MPH)
Batting: LHB Sean Hanrahan 0-0: Ball
1-0: Swinging Strike
1-1: Foul Ball, location: 3F
1-2: Foul Ball, location: 2F
1-2: SINGLE (Line Drive, 8LS, EV 99.4 MPH)
Batting: SHB Victor Gonzales 0-0: Fly out, F9 (Flyball, 89M, EV 82.5 MPH)
Bottom of the 8th over - 0 runs, 2 hits, 0 errors, 1 left on base; New Orleans 10 - Chicago 8
TOP OF THE 9TH
New Orleans Voodoo batting - Pitching for Chicago White Sox : RHP Bob Lozano
Pitching: RHP Gabriel Hughes
Now at SS: Jake O'Connell
Batting: RHB Chris Bartlett 0-0: Ball
1-0: Called Strike
1-1: SINGLE (Line Drive, 56D, EV 109.4 MPH)
Batting: RHB Nelson Morales 0-0: Called Strike
0-1: Ball
1-1: Called Strike
1-2: Ball
2-2: Strikes out swinging
Batting: RHB Eric Post 0-0: Called Strike
0-1: Ball
1-1: Foul Ball, location: 9LDF
1-2: Ball
2-2: Strikes out swinging
Batting: LHB Erik White 0-0: Called Strike
0-1: Ball
1-1: Foul Ball, location: 5DF
1-2: Fly out, F8 (Flyball, 8RD, EV 106.9 MPH)
Top of the 9th over - 0 runs, 1 hit, 0 errors, 1 left on base; New Orleans 10 - Chicago 8
BOTTOM OF THE 9TH
Chicago White Sox batting - Pitching for New Orleans Voodoo : RHP J.J. Leahey
Pitching: LHP Liam Harrington
Now in CF: Jalen Buckley
Batting: LHB Andy Barnhill 0-0: Called Strike
0-1: Foul Ball, location: 5DF
0-2: Foul Ball, location: 25F
0-2: Foul Ball, location: 7LDF
0-2: Ball
1-2: Strikes out looking
Batting: RHB Dusty Platko 0-0: Called Strike
0-1: Foul Ball, location: 5FF
0-2: Fly out, F7 (Flyball, 78M, EV 99.4 MPH)
Batting: LHB Robert Hassell III 0-0: Fly out, F5 (Popup, 5L, EV 79.4 MPH)
Bottom of the 9th over - 0 runs, 0 hits, 0 errors, 0 left on base; New Orleans 10 - Chicago 8
Friday, April 12th , 2024 - OOTP Baseball 24.10 Build 82